 Dungeon Crawl Stone Soup version 0.29-a0-322-g68df515 (webtiles) character file.

Game seed: 17884986279292638112

64 Toastz the Cudgeller (level 3, 0/32 HPs)
             Began as a Palentonga Berserker on Apr 5, 2022.
             Was a Follower of Trog.
             Slain by a jelly (1 damage)
             ... on level 4 of the Dungeon.
             The game lasted 00:04:26 (1451 turns).

Toastz the Cudgeller (Palentonga Berserker)         Turns: 1451, Time: 00:04:26

Health: 0/32       AC:  2    Str: 22    XL:     3   Next: 91%
Magic:  3/3        EV:  7    Int:  7    God:    Trog [*.....]
Gold:   61         SH:  0    Dex:  9    Spells: 2/2 levels left

rFire   . . .      SeeInvis +   a - +0 mace
rCold   . . .      Faith    .   (no shield)
rNeg    . . .      Spirit   .   h - +0 ring mail
rPois   .          Reflect  .   (no helmet)
rElec   .          Harm     .   (no cloak)
rCorr   .          Rampage  .   (no gloves)
Will    .....                   g - +0 barding
Stlth   ..........              (no amulet)
HPRegen 0.10/turn               (no ring)
MPRegen 0.08/turn               (no ring)

@: corroded
A: large, rugged brown scales 3, see invisible, deformed body, roll 1, armoured
tail
a: Rolling Charge, Renounce Religion, Berserk


You were on level 4 of the Dungeon.
You worshipped Trog.
Trog was aware of your devotion.
You visited 1 branch of the dungeon, and saw 3 of its levels.

You collected 61 gold pieces.

Inventory:

Hand Weapons
 a - a +0 mace (weapon)
Missiles
 f - 17 stones (quivered)
 j - 2 poisoned darts
Armour
 g - a +0 barding (worn)
 h - a +0 ring mail (worn)
 i - a scarf of harm
Scrolls
 c - a scroll of teleportation {unknown}
 d - 2 scrolls of identify {unknown}
Potions
 b - a potion of mutation {unknown}
 e - a potion of curing {unknown}


   Skills:
 + Level 4.0 Fighting
 + Level 4.0 Maces & Flails
 - Level 1.5 Armour
 - Level 1.5 Dodging


You had 2 spell levels left.
You didn't know any spells.
Your spell library was empty.

Dungeon Overview and Level Annotations

Branches:
Dungeon (2/15)

Altars:

Shops:
D:4 (([


Innate Abilities, Weirdness & Mutations

You are completely covered in rugged brown scales. (AC +3, +7% HP)
You have supernaturally acute eyesight. (SInv)
Armour fits poorly on your strangely shaped body.
You can roll at nearby foes to attack.
You have a long armoured tail.


Message History

j - 2 poisoned darts Natasha, Servant of Life and Death comes into view.
Natasha mumbles some strange words.
You throw a stone.
The stone hits the white imp but does no damage.
Natasha casts a spell.
The white imp gestures at you. The puff of frost hits you.
You throw a stone.
The stone hits the white imp but does no damage.
Natasha growls.
You throw a stone.
The stone hits Natasha but does no damage.
Natasha falls through a shaft!
The iron imp disappears in a puff of smoke!
The shaft crumbles and collapses.
No target in view!
A sourceless malevolence fills the Dungeon...
You fall into a shaft and drop 2 floors!
The shaft crumbles and collapses.
Found 12 gold pieces and a plate armour.
Found three shops.
A jelly comes into view.
The jelly quivers.
Found a stone staircase leading down.
You hit the jelly but do no damage. The acid corrodes you!
Your hands burn!
The jelly closely misses you.
You hit the jelly.
Your hands burn!
The jelly is moderately wounded.
The jelly hits you but does no damage.
You hit the jelly.
Your hands burn!
The jelly is moderately wounded.
The jelly hits you. The acid corrodes you!
You are splashed with acid!
* * * LOW HITPOINT WARNING * * *
You hit the jelly.
Your hands burn!
* * * LOW HITPOINT WARNING * * *
You tail-slap the jelly.
The jelly is almost dead.
The jelly hits you but does no damage. The jelly attacks as you move away!
The jelly hits you.
You die...

#### #. #.. ..
#.####.#
####.....
#....♣J♣.♣.♣.
#....@..∩....
[........♣.♣$♣.♣.
#####.....∩.⌠
#....♣.♣.♣
#.......∩..
#....♣.♣.♣.♣
#............
#....... .##>


You could see a jelly.

Vanquished Creatures
  Natasha (D:2)
  3 endoplasms (D:1)
  2 giant cockroaches
  5 goblins
  3 hobgoblins
  3 jackals (D:1)
  A kobold (D:1)
  7 ball pythons (D:1)
  2 bats (D:1)
  3 frilled lizards
  5 rats
35 creatures vanquished.

Notes
Turn   | Place    | Note
-------+----------+-------------------------------------------
     0 | D:1      | Toastz the Palentonga Berserker began the quest for the
                  | Orb.
     0 | D:1      | Reached XP level 1. HP: 19/19 MP: 1/1
   241 | D:1      | Reached XP level 2. HP: 24/25 MP: 2/2
   640 | D:1      | Found a faded altar of an unknown god.
   822 | D:1      | Reached XP level 3. HP: 31/31 MP: 3/3
  1369 | D:2      | Noticed Natasha
  1375 | D:2      | Killed Natasha
  1440 | D:2      | Noticed Natasha
  1444 | D:2      | You fall into a shaft and drop 2 floors!
  1444 | D:4      | Found Iwyzez's Weapon Emporium.
  1444 | D:4      | Found Onti's Antique Weapon Emporium.
  1444 | D:4      | Found Tiseid's Antique Armour Emporium.
  1450 | D:4      | HP: 1/32 [acid (5)]
  1451 | D:4      | Slain by a jelly

Illustrated notes

Levels and vault maps discovered:
D:1:      dpeg_arrival_short_road, layout_loops_corners, basic_ecumenical_altar
D:2:      layout_loops_ring, serial_shops, nicolae_shop_trees,
          kennysheep_generic_room_15, uniq_natasha
D:4:      layout_basic, fedhas_ov_isle_minmay, minmay_shop_grid_forest

Skill      XL: |  1  2  3 |
---------------+----------+-----
Fighting       | 4 |  4.0
Maces & Flails | 4 |  4.0
Armour         | |  1.5
Dodging        | |  1.5

Action                   || total
-------------------------++-------
Melee: Mace              ||    79
       Tailslap          ||    10
Throw: Stone             ||     3
Invok: Berserk           ||     9
 Abil: Rolling Charge    ||    10
Armor: Animal skin       ||    26
       Ring mail         ||    14
Dodge: Dodged            ||    42

Table legend: (Time is in decaauts)
 A = Elapsed time spent in this place.
 B = Non-inter-level travel time spent in this place.
 C = Inter-level travel time spent in this place.
 D = Time resting spent in this place.
 E = Time spent auto-exploring this place.
 F = Levels seen in this place.
 G = Mean time per level.
                   A        B        C        D        E       F      G
               +--------+--------+--------+--------+--------+-----+--------+
         Total |   1565 |   1489 |     76 |    361 |    895 |   3 |  521.7 |
       Dungeon |   1565 |   1489 |     76 |    361 |    895 |   3 |  521.7 |
               +--------+--------+--------+--------+--------+-----+--------+

Top non-repeatable levels by time:
     D:1: 1448 daAuts
     D:2: 108 daAuts
     D:4: 7 daAuts
